 Dungeon Crawl Stone Soup version 0.30-a0-928-g7f6bbad527 (webtiles) character file.

Game seed: 15977033471559654147

68 Grim the Poker (level 4, -1/39 HPs)
             Began as a Minotaur Monk on Mar 23, 2023.
             Slain by a gnoll
             ... wielding a +0 flail
              (11 damage)
             ... on level 3 of the Dungeon.
             The game lasted 00:03:05 (2139 turns).

Grim the Poker (Minotaur Monk)                      Turns: 2139, Time: 00:03:06

Health: -1/39      AC:  5    Str: 17    XL:     4   Next: 1%
Magic:  3/3        EV: 12    Int:  7    God:
Gold:   167        SH:  0    Dex: 13    Spells: 3/3 levels left

rFire   . . .      SeeInvis .    a - +0 spear
rCold   . . .      Faith    .    (no shield)
rNeg    . . .      Spirit   .    n - +0 leather armour
rPois   .          Reflect  .    (helmet restricted)
rElec   .          Rampage  .    g - scarf {shadows}
rCorr   .                        q - +0 pair of gloves
Will    .....                    e - +0 pair of boots
Stlth   ++                       (no amulet)
HPRegen 0.26/turn                (no ring)
MPRegen 0.08/turn                (no ring)

@: no status effects
A: horns 2, retaliatory headbutt
a: no special abilities


You were on level 3 of the Dungeon.
You visited 1 branch of the dungeon, and saw 3 of its levels.

You collected 167 gold pieces.

Inventory:

Hand Weapons
 a - a +0 spear (weapon)
 b - a +0 sling
Armour
 e - a +0 pair of boots (worn)
 g - a scarf of shadows (worn)
 n - a +0 leather armour (worn)
 q - a +0 pair of gloves (worn)
Scrolls
 d - 2 scrolls of fog {unknown}
 h - a scroll of poison {unknown}
 j - a scroll of teleportation {unknown}
 k - a scroll of enchant weapon {unknown}
 l - a scroll of vulnerability {unknown}
 o - 3 scrolls of identify {unknown}
 p - a scroll of summoning {unknown}
Potions
 c - a potion of ambrosia
 f - 2 potions of berserk rage {unknown}
 i - 2 potions of invisibility {unknown}
 m - a potion of degeneration {unknown}
 r - a potion of flight {unknown}


   Skills:
 - Level 3.6 Fighting
 + Level 6.0 Polearms
 - Level 3.2 Dodging
 - Level 1.5 Stealth


You had 3 spell levels left.
You didn't know any spells.
Your spell library contained the following spells:

 Spells                   Type           Power      Damage    Failure   Level
 Tukima's Dance           Hex            0%         N/A       86%         3
 Passage of Golubria      Tloc           0%         N/A       99%         4
 Yara's Violent Unravell  Hex/Tmut       0%         3d3       100%        5


Dungeon Overview and Level Annotations

Branches:
Dungeon (3/15)

Altars:
Gozag

Shops:
D:2 [


Innate Abilities, Weirdness & Mutations

You have a pair of horns on your head.
You reflexively headbutt those who attack you in melee.


Message History

A gnoll comes into view. It is wielding a +0 spear.
Found an escape hatch in the ceiling.
Found a short sword.
A gnoll comes into view. It is wielding a +0 flail.
Found a stone staircase leading down.
The gnoll shouts! x2
A rat comes into view.
You reach to attack!
You barely miss the gnoll. The gnoll closely misses you.
The gnoll hits you from afar with a +0 spear.
You reach to attack!
You barely miss the gnoll. The gnoll barely misses you.
The gnoll completely misses you.
You completely miss the rat. The rat closely misses you.
The gnoll hits you but does no damage. The gnoll barely misses you.
You hit the rat but do no damage. You hit the rat.
The rat is moderately wounded.
The rat bites you but does no damage.
The gnoll hits you from afar with a +0 spear.
The gnoll hits you from afar with a +0 spear!
* * * LOW HITPOINT WARNING * * *
You hit the rat.
You kill the rat!
The gnoll misses you. You furiously retaliate!
You headbutt the gnoll. The gnoll misses you.
The gnoll throws a throwing net.
The throwing net closely misses you.
Your Polearms skill increases to level 6!
The gnoll throws a throwing net.
The throwing net misses you. The gnoll attacks as you move away!
The gnoll hits you with a +0 flail.
* * * LOW HITPOINT WARNING * * *
The gnoll barely misses you.
You see here 2 throwing nets.
The gnoll hits you with a +0 flail.
* * * LOW HITPOINT WARNING * * *
The gnoll attacks as you move away! The gnoll hits you but does no damage.
You closely miss the gnoll.
The gnoll is moderately wounded.
The gnoll hits you from afar with a +0 spear.
* * * LOW HITPOINT WARNING * * *
The gnoll hits you with a +0 flail!
You die...

.# ####.. #.....>...
.######.>...#
#.....)...
.............
#.........
######.######
......... #...#
#.<...... ##.###
#.†...... #..#
#........ ###.##
####........ ....#
#.@gg#######
.##############g####
............^##.######
############..........
##..####### #..## #.##
#.#########
#.#...#...##


You could see 3 gnolls.

Vanquished Creatures
  An adder (D:2)
  A worm (D:2)
  A dart slug (D:2)
  3 orcs (D:3)
  6 endoplasms
  2 giant cockroaches
  4 goblins
  4 hobgoblins
  4 kobolds
  2 quokkas
  5 ball pythons
  6 bats
  9 frilled lizards
  2 rats
50 creatures vanquished.

Notes
Turn   | Place    | Note
-------+----------+-------------------------------------------
     0 | D:1      | Grim the Minotaur Monk began the quest for the Orb.
     0 | D:1      | Reached XP level 1. HP: 19/19 MP: 0/0
   111 | D:1      | Reached skill level 4 in Polearms
   193 | D:1      | Reached XP level 2. HP: 19/26 MP: 1/1
   358 | D:1      | Reached skill level 5 in Polearms
   502 | D:1      | Reached XP level 3. HP: 12/31 MP: 2/2
   942 | D:2      | Found Gichoho's Armour Shoppe.
  1770 | D:3      | Found an opulent altar of Gozag.
  2062 | D:3      | Reached XP level 4. HP: 39/39 MP: 3/3
  2133 | D:3      | Reached skill level 6 in Polearms
  2139 | D:3      | Slain by a gnoll

Illustrated notes

Levels and vault maps discovered:
D:1:      lightli_arrival_flooded_house, layout_basic, minmay_vboxes
D:2:      layout_basic, serial_shops, nicolae_shop_crystal
D:3:      layout_rooms, nicolae_gozag_seed_capital, mainiacjoe_overflow_alcove_4

Skill      XL: |  1  2  3  4 |
---------------+-------------+-----
Polearms       | 4 5 6 |  6.0
Fighting       | |  3.6
Dodging        | |  3.2
Stealth        | |  1.5

Action                     |  1- 3 |  4- 6 || total
---------------------------+-------+-------++-------
  Melee: Spear             |   140 |     7 ||   147
         Headbutt          |     9 |       ||     9
   Stab: Sleeping          |     7 |       ||     7
 Armour: Robe              |    24 |       ||    24
         Leather armour    |     5 |     3 ||     8
  Dodge: Dodged            |    54 |    10 ||    64

Table legend: (Time is in decaauts)
 A = Elapsed time spent in this place.
 B = Non-inter-level travel time spent in this place.
 C = Inter-level travel time spent in this place.
 D = Time resting spent in this place.
 E = Time spent auto-exploring this place.
 F = Levels seen in this place.
 G = Mean time per level.
                   A        B        C        D        E       F      G
               +--------+--------+--------+--------+--------+-----+--------+
         Total |   2117 |   2027 |     90 |    234 |   1476 |   3 |  705.7 |
       Dungeon |   2117 |   2027 |     90 |    234 |   1476 |   3 |  705.7 |
               +--------+--------+--------+--------+--------+-----+--------+

Top non-repeatable levels by time:
     D:2: 1028 daAuts
     D:1: 726 daAuts
     D:3: 363 daAuts
